 Dungeon Sprint DCSS version 0.27.1-34-g3ba077fa99 (webtiles) character file.

Game seed: 14667960320818080036

27932 Arum the Tortoise (level 13, 0/125 HPs)
             Began as a Formicid Fighter on Jan 19, 2022.
             Was the Champion of Okawaru.
             Killed from afar by a rakshasa (13 damage)
             ... with a lance of force
             ... in the Dungeon (Sprint IX: "|||||||||||||||||||||||||||||").
             The game lasted 00:10:17 (2793 turns).

Arum the Tortoise (Formicid Fighter)                Turns: 2793, Time: 00:10:18

Health: 0/125      AC: 30    Str: 24    XL:     13   Next: 69%
Magic:  0/19       EV: 10    Int: 10    God:    Okawaru [******]
Gold:   883        SH: 24    Dex: 11    Spells: 7/12 levels left

rFire    . . .     SeeInvis +   k - +1 lajatang
rCold    + + .     Faith    .   B - +1 tower shield
rNeg     . . .     Spirit   +   a - +1 plate armour {Will+}
rPois    +         Reflect  .   (helmet unavailable)
rElec    .         Harm     .   m - +0 cloak
rCorr    .         Rampage  .   b - +2 pair of gloves {Dex+3}
Will     ++...                  l - +0 pair of boots
Stlth    ..........             u - amulet of guardian spirit
HPRegen  0.30/turn              t - ring of protection from cold
MPRegen  0.16/turn              x - ring of poison resistance

@: heroic, flayed
A: permanent stasis, dig shafts and tunnels, antennae 3, four strong arms,
talons 1, clumsy 1, cold resistance 1
a: Dig, Renounce Religion, Heroism, Finesse


You were in the Dungeon.
You worshipped Okawaru.
Okawaru was exalted by your worship.
You visited 1 branch You collected 1923 gold pieces.
You spent 1040 gold pieces at shops.

Inventory:

Hand Weapons
 k - a +1 lajatang (weapon)
 p - a +1 spectral quarterstaff
Missiles
 d - 3 javelins
Armour
 a - a +1 plate armour of willpower (worn)
 b - a +2 pair of gloves of dexterity (worn)
 l - a +0 pair of boots (worn)
 m - a +0 cloak (worn)
 A - the +4 scale mail of Zinugu {Str+4 Dex+3}
   (You found it in the Dungeon)

   Str:       It affects your strength (+4).
   Dex:       It affects your dexterity (+3).
 B - a +1 tower shield (worn)
Jewellery
 n - a +2 ring of protection
 o - a +3 ring of dexterity
 t - a ring of protection from cold (left hand)
 u - an amulet of guardian spirit (around neck)
 x - a ring of poison resistance (right hand)
 y - a ring of protection from cold
 z - a ring of fire
Wands
 j - a wand of iceblast (7)
Scrolls
 i - 2 scrolls of amnesia
 q - a scroll of fog
 r - a scroll of magic mapping
 s - 3 scrolls of fear
 D - a scroll of identify
Potions
 e - 5 potions of curing
 f - a potion of invisibility
 g - 4 potions of magic
 w - a potion of resistance
 C - a potion of mutation


   Skills:
 + Level 19.2(24.2) Fighting
 + Level 17.8(22.8) Staves
 + Level 19.2(24.2) Armour
 - Level 15.0(20.0) Shields
 - Level 8.0 Invocations


You had 7 spell levels left.
You knew the following spells:

 Your Spells              Type           Power      Damage    Failure   Level
a - Manifold Assault      Tloc           0%         N/A       100%        5

Your spell library contained the following spells:

 Spells                   Type           Power      Damage    Failure   Level
 Lesser Beckoning         Tloc           0%         N/A       99%         3
 Blink                    Tloc           Unusable   N/A       N/A         2

Dungeon Overview and Level Annotations

Branches:
Dungeon (1/1)

Altars:
Cheibriados
Dithmenos
Elyvilon
Fedhas
Gozag
Hepliaklqana
Kikubaaqudgha
Makhleb
Nemelex Xobeh
Okawaru
Qazlal
Ru
Sif Muna
Trog
Uskayaw
Vehumet
Wu Jian
Xom
Yredelemnul
Zin
The Shining One
Beogh
Jiyva
Lugonu

Shops:
D [[:(


Innate Abilities, Weirdness & Mutations

You cannot be hasted, slowed, berserked, paralysed or teleported.
You can dig through walls and to a lower floor.
You have a pair of large antennae on your head. (SInv)
Your four strong arms can wield two-handed weapons with a shield.
You have sharp toenails.
You are clumsy. (Dex -2)
Your flesh is cold resistant. (rC+)


Message History

The rakshasa hits you with a +0 long sword.
* * * LOW HITPOINT WARNING * * *
Unknown command.
Unknown command.
Unknown command.
Unknown command.
Unknown command.
Unknown command.
Unknown command.
Unknown command.
Unknown command.
Unknown command.
Unknown command.
Unknown command.
Unknown command.
Unknown command.
Okay, then.
You completely miss the fire dragon. You block the fire dragon's attack.
The fire dragon claws you but does no damage.
You block the fire dragon's attack.
You hit the fire dragon.
The fire dragon is lightly wounded.
The rakshasa hits you with a +0 long sword!
* * * LOW HITPOINT WARNING * * *
You block the fire dragon's attack. x3
You slice the fire dragon!!
The fire dragon is moderately wounded.
You block the rakshasa's attack.
You slash the fire dragon!
The fire dragon is heavily wounded.
You block the fire dragon's attack. x2
The fire dragon tramples you but does no damage.
The flayed ghost cries, "Feel what I felt!"
Terrible wounds spread across more of your body!
* * * LOW HITPOINT WARNING * * *
You barely miss the fire dragon.
The fire dragon is heavily wounded.
The rakshasa gestures at you. The lance of force hits you!
You die...

..[[[...'.)..........††).....†÷'.
▓▓▓▓▓▓▓▓▓▓▓▓▓▓▓▓▓▓▓▓▓▓▓▓▓▓▓▓▓▓▓▓▓
........................)........
▓▓▓▓▓▓▓▓▓▓▓▓▓▓▓▓▓▓▓▓▓▓▓▓▓▓▓▓▓▓▓▓▓
....'....[∩.∩.∩)∩)))[))......[[))
▓▓▓▓▓▓▓▓▓▓▓▓▓▓▓▓▓▓▓▓▓▓▓▓▓▓▓▓▓▓▓▓▓
..[..............................
▓▓▓▓▓▓▓▓▓▓▓▓▓▓▓▓▓▓▓▓▓▓▓▓▓▓▓▓▓▓▓▓▓
{{{ .....WD@R..(??...!....[.
▓▓▓▓▓▓▓▓▓▓▓▓▓▓▓▓▓▓▓▓▓▓▓▓ {


{{{{{{{ {{{{{{{{{ {{{{{{{{{ {{{{{ { { You could see a fire dragon, a rakshasa
and a flayed ghost.

Vanquished Creatures
  Gastronok (D)
  A stone giant (D)
  A fire dragon (D)
  A great orb of eyes (D)
  A rakshasa (D)
  3 boulder beetles (D)
  An ogre mage (D)
  10 two-headed ogres (D)
  2 orc high priests (D)
  3 orc knights (D)
  4 ugly things (D)
  A manticore (D)
  2 cyclopes (D)
  8 elephants (D)
  Maurice (D)
  A black mamba (shapeshifter) (D)
  A guardian serpent (shapeshifter) (D)
  A cane toad (D)
  An unseen horror (D)
  3 black mambas (D)
  3 komodo dragons (D)
  Psyche (D)
  A rime drake (D)
  A freezing wraith (D)
  A blink frog (D)
  A wyvern (D)
  2 basilisks (D)
  2 yaks (D)
  A water moccasin (D)
  6 orc warriors (D)
  3 ogres (D)
  A wolf (D)
  3 bullfrogs (D)
  A killer bee (D)
  A wight (D)
  2 orc priests (D)
  4 orc wizards (D)
  An ufetubus (D)
  An adder zombie (D)
  A dart slug (D)
  10 orcs (D)
  A ball python (D)
  A bat skeleton (D)
  A bat zombie (D)
  2 goblins (D)
  A jackal (D)
  A rat (D)
101 creatures vanquished.

Notes
Turn   | Place    | Note
-------+----------+-------------------------------------------
     0 | D        | Arum the Formicid Fighter began the quest for the Orb.
     0 | D        | Reached XP level 1. HP: 18/18 MP: 1/1
    13 | D        | Reached XP level 2. HP: 23/25 MP: 2/2
    42 | D        | Reached skill level 5 in Shields
    42 | D        | Reached XP level 3. HP: 10/32 MP: 3/3
    49 | D        | Reached skill level 5 in Fighting
    49 | D        | Reached skill level 5 in Armour
    52 | D        | Reached XP level 4. HP: 9/39 MP: 4/4
    57 | D        | Found a snail-covered altar of Cheibriados.
    57 | D        | Found a shadowy altar of Dithmenos.
    57 | D        | Found a white marble altar of Elyvilon.
    57 | D        | Found a blossoming altar of Fedhas.
    57 | D        | Found an opulent altar of Gozag.
    58 | D        | Found a hazy altar of Hepliaklqana.
    59 | D        | Found a viscous altar of Jiyva.
    60 | D        | Found an ancient bone altar of Kikubaaqudgha.
    61 | D        | Found a corrupted altar of Lugonu.
    62 | D        | Found a burning altar of Makhleb.
    63 | D        | Found a sparkling altar of Nemelex Xobeh.
    64 | D        | Found an iron altar of Okawaru.
    65 | D        | Found a stormy altar of Qazlal.
    66 | D        | Found a sacrificial altar of Ru.
    67 | D        | Found a shimmering blue altar of Sif Muna.
    68 | D        | Found a bloodstained altar of Trog.
    69 | D        | Found a hide-covered altar of Uskayaw.
    70 | D        | Found a radiant altar of Vehumet.
    71 | D        | Found an ornate altar of the Wu Jian Council.
    72 | D        | Became a worshipper of Warmaster Okawaru
    73 | D        | Found a shimmering altar of Xom.
    74 | D        | Found a basalt altar of Yredelemnul.
    75 | D        | Found a glowing silver altar of Zin.
    76 | D        | Found a glowing golden altar of the Shining One.
   283 | D        | Noticed a two-headed ogre
   283 | D        | Noticed a wyvern
   289 | D        | Killed a wyvern
   290 | D        | Reached XP level 5. HP: 37/48 MP: 5/5
   290 | D        | Reached XP level 6. HP: 42/55 MP: 6/6
   298 | D        | Killed a two-headed ogre
   298 | D        | Reached * piety under Okawaru
   298 | D        | Reached ** piety under Okawaru
   299 | D        | Reached skill level 10 in Fighting
   299 | D        | Reached skill level 10 in Armour
   299 | D        | Reached XP level 7. HP: 37/66 MP: 7/7
   299 | D        | Reached XP level 8. HP: 41/72 MP: 8/8
   456 | D        | Noticed an unseen horror
   456 | D        | Noticed a green ugly thing
   456 | D        | Noticed a raiju
   456 | D        | Noticed a boulder beetle
   456 | D        | Noticed a cyclops
   456 | D        | Noticed a cyclops
   463 | D        | Killed a cyclops
   463 | D        | Reached *** piety under Okawaru
   464 | D        | Reached skill level 10 in Staves
   469 | D        | Killed a cyclops
   470 | D        | Reached XP level 9. HP: 62/82 MP: 7/9
   472 | D        | Noticed a guardian serpent
   472 | D        | a raiju changed into a guardian serpent
   479 | D        | Killed a guardian serpent
   479 | D        | Reached **** piety under Okawaru
   479 | D        | Received a gift from Okawaru
   490 | D        | Killed a green ugly thing
   497 | D        | Killed an unseen horror
   707 | D        | Killed a boulder beetle
   708 | D        | Reached XP level 10. HP: 92/92 MP: 7/10
   832 | D        | Gained mutation: Your spells are a little easier to cast,
                  | but a little less powerful. [potion of mutation]
   832 | D        | Gained mutation: Your muscles are strong. (Str +2) [potion
                  | of mutation]
   833 | D        | Lost mutation: Your muscles are strong. (Str +2) [potion of
                  | mutation]
   833 | D        | Lost mutation: Your spells are a little easier to cast, but
                  | a little less powerful. [potion of mutation]
   833 | D        | Gained mutation: You have sharp toenails. [potion of
                  | mutation]
   833 | D        | Gained mutation: You are clumsy. (Dex -2) [potion of
                  | mutation]
   833 | D        | Gained mutation: Your flesh is cold resistant. (rC+)
                  | [potion of mutation]
   835 | D        | Noticed a black mamba
   843 | D        | Noticed a komodo dragon
   848 | D        | Killed a black mamba
   876 | D        | Killed a komodo dragon
   877 | D        | Reached skill level 10 in Shields
   878 | D        | Reached ***** piety under Okawaru
  1061 | D        | Noticed a black mamba
  1061 | D        | Noticed a komodo dragon
  1061 | D        | Noticed a komodo dragon
  1061 | D        | Noticed a cane toad
  1068 | D        | Killed a cane toad
  1069 | D        | Noticed a black mamba
  1075 | D        | Killed a komodo dragon
  1078 | D        | Reached XP level 11. HP: 101/101 MP: 4/11
  1113 | D        | Reached skill level 15 in Armour
  1117 | D        | Reached skill level 15 in Fighting
  1275 | D        | Noticed an elephant
  1275 | D        | Noticed an elephant
  1275 | D        | Noticed an elephant
  1275 | D        | Noticed an elephant
  1275 | D        | Noticed an elephant
  1275 | D        | Noticed an elephant
  1277 | D        | Noticed an elephant
  1283 | D        | Killed an elephant
  1284 | D        | Reached skill level 1 in Invocations
  1290 | D        | Killed an elephant
  1297 | D        | Killed an elephant
  1297 | D        | Received a gift from Okawaru
  1301 | D        | Killed an elephant
  1306 | D        | Killed an elephant
  1307 | D        | Noticed an elephant
  1311 | D        | Killed an elephant
  1317 | D        | Killed an elephant
  1323 | D        | Killed an elephant
  1324 | D        | Reached skill level 5 in Invocations
  1420 | D        | Noticed Maurice
  1433 | D        | Killed Maurice
  1445 | D        | Noticed Psyche
  1455 | D        | Killed Psyche
  1665 | D        | Noticed an orc knight
  1665 | D        | Noticed an orc high priest
  1665 | D        | Noticed an orc knight
  1665 | D        | Noticed an orc knight
  1683 | D        | Killed an orc knight
  1688 | D        | Noticed an orc high priest
  1695 | D        | Killed an orc knight
  1696 | D        | Reached XP level 12. HP: 50/111 MP: 10/17
  1699 | D        | Noticed a soul eater
  1719 | D        | HP: 4/111 [orc high priest/divine providence (14)]
  1723 | D        | Killed an orc high priest
  1754 | D        | Killed an orc high priest
  1755 | D        | Reached skill level 15 in Staves
  2172 | D        | Found Wulof's Weapon Boutique.
  2172 | D        | Noticed a two-headed ogre
  2172 | D        | Noticed a two-headed ogre
  2172 | D        | Noticed a two-headed ogre
  2172 | D        | Noticed a two-headed ogre
  2172 | D        | Noticed a two-headed ogre
  2174 | D        | Noticed an ogre mage
  2179 | D        | Noticed a two-headed ogre
  2180 | D        | Killed a two-headed ogre
  2186 | D        | Killed a two-headed ogre
  2191 | D        | Killed a two-headed ogre
  2192 | D        | Found Hugo's Book Shop.
  2201 | D        | Killed a two-headed ogre
  2209 | D        | Killed a two-headed ogre
  2209 | D        | Received a gift from Okawaru
  2210 | D        | Found Ducvus's Armour Boutique.
  2215 | D        | Killed an ogre mage
  2220 | D        | Killed a two-headed ogre
  2221 | D        | Reached skill level 15 in Shields
  2221 | D        | Found Butimola's Antique Armour Shop.
  2221 | D        | Noticed a two-headed ogre
  2222 | D        | Noticed a two-headed ogre
  2235 | D        | Noticed a two-headed ogre
  2238 | D        | Killed a two-headed ogre
  2238 | D        | Reached ****** piety under Okawaru
  2244 | D        | Killed a two-headed ogre
  2245 | D        | Reached XP level 13. HP: 56/121 MP: 15/19
  2422 | D        | Bought a glowing plate armour for 676 gold pieces
  2444 | D        | Bought a book of Spatial Translocations for 364 gold pieces
  2456 | D        | Learned a level 5 spell: Manifold Assault
  2477 | D        | Noticed Gastronok
  2494 | D        | Killed Gastronok
  2609 | D        | Got the +4 scale mail of Zinugu {Str+4 Dex+3}
  2679 | D        | Noticed a boulder beetle
  2679 | D        | Noticed a boulder beetle
  2708 | D        | Noticed a rakshasa
  2713 | D        | Noticed a stone giant
  2733 | D        | Killed a boulder beetle
  2737 | D        | Killed a stone giant
  2754 | D        | Noticed a fire dragon
  2754 | D        | Noticed a great orb of eyes
  2759 | D        | Noticed a fire dragon
  2764 | D        | Killed a boulder beetle
  2765 | D        | Killed a rakshasa
  2770 | D        | Noticed a rakshasa
  2773 | D        | Killed a fire dragon
  2773 | D        | Identified the +0 pair of gloves of Yshiraug {+Blink rC+
                  | Str+2} (Okawaru gifted it to you in the Dungeon)
  2773 | D        | Received a gift from Okawaru
  2784 | D        | Killed a great orb of eyes
  2793 | D        | Killed from afar by a rakshasa

Illustrated notes

Levels and vault maps discovered:
D:        linesprint [early_d, line_temple, items_1, d_10, items_2, lair_1,
          lair_end, items_3, orc_1, orc_end, items_4, d_15, swamp_1, shoals_1,
          snake_1, spider_1, d_20, vaults_1, items_5, swamp_end, shoals_end,
          snake_end, spider_end, vaults_end, d_27, items_6, zot_1, zot_end,
          crypt_end, forest_end, elf_end, slime_end, tomb_end, abyss_end,
          pan_hell_end]

Skill      XL: |  1  2  3  4  5  6  7  8  9 10 11 12 13 |
---------------+----------------------------------------+-----
Shields        | 4 5 7 9 10 13 15 | 15.0
Fighting       | 4 5 7 10 11 13 14 16 17 19 | 19.2
Armour         | 4 5 7 10 12 13 14 16 17 19 | 19.2
Staves         | 3 6 9 10 12 13 14 16 17 | 17.8
Invocations    | 6 8 |  8.0

Action                   |  1- 3 |  4- 6 |  7- 9 | 10-12 | 13-15 || total
-------------------------+-------+-------+-------+-------+-------++-------
Melee: Quarterstaff      |    27 |       |       |       |       ||    27
       Lajatang          |       |    13 |    48 |   339 |   117 ||   517
Invok: Heroism           |       |       |     3 |    11 |     2 ||    16
       Finesse           |       |       |       |     4 |     2 ||     6
Evoke: Wand              |       |       |       |     1 |     2 ||     3
  Use: Potion            |     1 |     2 |       |     6 |     4 ||    13
       Scroll            |       |       |       |     3 |     1 ||     4
Armor: Scale mail        |    18 |       |       |       |       ||    18
       Chain mail        |       |       |    11 |    49 |       ||    60
       Plate armour      |       |       |       |     7 |    14 ||    21
Dodge: Dodged            |    11 |     7 |     8 |    44 |     8 ||    78
Block: Kite shield       |    12 |    11 |    22 |   121 |     2 ||   168
       Tower shield      |       |       |       |       |    58 ||    58
